AoeStats
← changsel

Arabia

509864472Analyzed
1v1 RM · 3d ago on Sep 28, 2026· 34m 34s· 2 players
Game mode
Random Map
Map size
Tiny (2 player)
Population
200
Speed
Normal
Resources
Standard
Victory
Conquest
Starting age
Dark Age
Ending age
Imperial Age
RankedLock teamsTeams togetherTeam positionsShared explorationLock speedFull tech treeHidden civsTurbo modeCheats
Victory
Defeat
🇨🇳 Bulgarians · China
735
+11
🇭🇰 Vikings · Hong Kong SAR China
631
-11
MM_UU
6:05 Loom
10:46 Feudal Age
11:54 Double-Bit Axe
13:00 Horse Collar
25:41 Castle Age
25:58 Scale Mail Armor
25:48 Pikeman
26:29 Squires
27:21 Bow Saw
changsel
9:37 Loom
13:09 Feudal Age
13:49 Double-Bit Axe
13:47 Horse Collar
16:12 Forging
16:46 Wheelbarrow
16:46 Scale Mail Armor
24:49 Castle Age
22:57 Gold Mining
23:51 Stone Mining
25:39 Bow Saw
25:31 Heavy Plow
26:09 Gold Shaft Mining
25:13 Pikeman
26:36 Squires
27:04 Scale Barding Armor
27:40 Stone Shaft Mining
27:27 Ballistics
27:34 Ballistics
33:59 Imperial Age
31:17 Town Watch
32:48 Murder Holes
33:50 Masonry
Connection lost

Rejoining the realm…

Still unreachable

The connection could not be restored.

Session expired

The server has moved on; the page needs a fresh start.